 Dungeon Crawl Stone Soup version 0.26-a0-597-gb535b0901c (webtiles) character file.

Game seed: 9914375586999736722

892 HoaS the Twirler (level 8, -4/58 HPs)
             Began as a Formicid Fighter on Aug 29, 2020.
             Killed by nerve-wracking pain
             ... invoked by Menkaure
              (10 damage)
             ... on level 4 of the Dungeon.
             The game lasted 00:07:26 (2579 turns).

HoaS the Twirler (Formicid Fighter)                 Turns: 2579, Time: 00:07:27

Health: -4/58      AC: 13    Str: 27    XL:     8   Next: 27%
Magic:  8/8        EV:  4    Int:  7    God:
Gold:   241        SH: 18    Dex: 10    Spells: 7/7 levels left

rFire    . . .     SeeInvis +   a - +0 quarterstaff
rCold    . . .     Faith    .   g - +1 tower shield
rNeg     . . .     Spirit   .   o - +0 plate armour
rPois    .         Reflect  .   (helmet unavailable)
rElec    .         Harm     .   (no cloak)
rCorr    .                      e - +1 pair of gloves {Str+3}
MR       .....                  (no boots)
Stlth    ..........             (no amulet)
HPRegen  0.19/turn              c - ring of flight
MPRegen  0.11/turn              (no ring)

@: no status effects
A: permanent stasis, dig shafts and tunnels, four strong arms, antennae 3
a: Dig, Shaft Self, Evoke Flight


You were on level 4 of the Dungeon.
You visited 1 branch of the dungeon, and saw 4 of its levels.

You collected 241 gold pieces.

Inventory:

Hand Weapons
 a - a +0 quarterstaff (weapon)
Armour
 e - a +1 pair of gloves of strength (worn)
 g - a +1 tower shield (worn)
 o - a +0 plate armour (worn)
Jewellery
 c - a ring of flight (left hand)
Wands
 l - a wand of iceblast (2)
Scrolls
 f - a scroll of remove curse
 k - a scroll of identify
Potions
 d - a potion of might
 h - a potion of stabbing
 i - a potion of heal wounds
 j - a potion of mutation
 n - 2 potions of cancellation


   Skills:
 - Level 3.2 Fighting
 * Level 7.5 Staves
 - Level 3.2 Armour
 + Level 7.1 Shields


You had 7 spell levels left.
You didn't know any spells.
Your spell library was empty.

Dungeon Overview and Level Annotations

Branches:
Dungeon (4/15)
 Temple: D:4-7

Altars:
Fedhas
Ru
The Shining One

Annotations:
D:4 Menkaure


Innate Abilities, Weirdness & Mutations

You cannot be hasted, slowed, berserked, paralysed or teleported.
You can dig through walls and to a lower floor.
Your four strong arms can wield two-handed weapons with a shield.
You have a pair of large antennae on your head. (SInv)


Message History

You see here an orc corpse.
The orc hits you but does no damage.
Menkaure rustles drily.
Menkaure calls on the powers of darkness!
The orc convulses!
Your body is wracked with pain!
* * * LOW HITPOINT WARNING * * *
You block the orc's attack.
Menkaure completely misses the bush.
Menkaure calls on the powers of darkness!
The orc convulses!
Your body is wracked with pain!
* * * LOW HITPOINT WARNING * * *
Menkaure calls on the powers of darkness!
The orc convulses!
Your body is wracked with pain!
* * * LOW HITPOINT WARNING * * *
A worker ant comes into view.
Menkaure gestures at you while chanting.
You struggle to resist.
Menkaure points at you and mumbles some strange words.
Pain shoots through your body!
You die... #. #. #....###...... #.###.##.###........PPP.P #[.........#....###.P.P.P ..#.........M..# #.PP_PP #.............# #.PPPP.

#..........#### #..PP
.
#.........(######...
.
#.<...a.o...........#
#
#.....@....##########
##........##
#..........#
#..........#
#..........#
#..........### ####
#..........#.## #...
##........###!# #...
##..........## #...


You could see Menkaure (fast), a worker ant and an orc.

Vanquished Creatures
  Grinder (D:4)
  Edmund (D:4)
  Duvessa (D:4)
  An ogre (D:3)
  A centaur (D:4)
  Dowan (D:4)
  2 orc priests (D:4)
  A centaur skeleton (D:4)
  A worker ant (D:4)
  An orc wizard (D:4)
  A howler monkey skeleton (D:2)
  An adder (D:2)
  2 oozes (D:3)
  An adder skeleton (D:2)
  2 worms
  2 dart slugs (D:1)
  3 leopard geckos (D:1)
  5 orcs (D:4)
  10 bats
  2 bat skeletons (D:2)
  4 giant cockroaches
  6 goblins
  14 hobgoblins
  8 jackals (D:2)
  A ball python (D:3)
  5 frilled lizards
  3 kobolds
  A leopard gecko skeleton (D:2)
  A leopard gecko zombie (D:2)
  5 rats
88 creatures vanquished.

Vanquished Creatures (others)
  3 withered plants (D:2)
3 creatures vanquished.

Grand Total: 91 creatures vanquished

Notes
Turn   | Place    | Note
-------+----------+-------------------------------------------
     0 | D:1      | HoaS the Formicid Fighter began the quest for the Orb.
     0 | D:1      | Reached XP level 1. HP: 18/18 MP: 1/1
   106 | D:1      | Reached XP level 2. HP: 24/24 MP: 2/2
   325 | D:1      | Reached XP level 3. HP: 29/29 MP: 3/3
  1057 | D:2      | Found a glowing golden altar of the Shining One.
  1117 | D:2      | Reached XP level 4. HP: 35/35 MP: 4/4
  1365 | D:2      | Found a faded altar of an unknown god.
  1493 | D:2      | Found a sacrificial altar of Ru.
  1743 | D:3      | Reached XP level 5. HP: 41/41 MP: 5/5
  1856 | D:3      | Noticed an ogre
  1864 | D:3      | Killed an ogre
  1864 | D:3      | Reached skill level 5 in Shields
  1883 | D:3      | Reached XP level 6. HP: 39/47 MP: 6/6
  2208 | D:4      | Reached skill level 5 in Staves
  2213 | D:4      | Noticed Duvessa
  2229 | D:4      | Noticed Dowan
  2253 | D:4      | Killed Duvessa
  2259 | D:4      | Killed Dowan
  2259 | D:4      | Reached XP level 7. HP: 39/52 MP: 7/7
  2350 | D:4      | Noticed Edmund
  2371 | D:4      | Killed Edmund
  2537 | D:4      | Found a blossoming altar of Fedhas.
  2545 | D:4      | Noticed Grinder
  2555 | D:4      | Noticed Menkaure
  2558 | D:4      | Killed Grinder
  2558 | D:4      | Reached XP level 8. HP: 32/58 MP: 8/8
  2579 | D:4      | Killed from afar by Menkaure

Illustrated notes

Levels and vault maps discovered:
D:1:      lightli_arrival_chessboard, layout_basic, st_stairs_3,
          chequers_serial_rivers_micro_a, minmay_tall_x
D:2:      layout_loops_ring, lemuel_crystal_altar, serial_undead,
          serial_undead_d, serial_undead_c, serial_undead_f, serial_undead_c,
          serial_undead_d, chequers_ecumenical_altar_simple_redux, tso_altar
D:3:      layout_rooms, kennysheep_generic_room_10
D:4:      layout_rooms, gammafunk_temple_overflow_elements,
          fedhas_bush_and_centaur_altar, uniq_edmund, uniq_menkaure,
          uniq_duvessa, uniq_grinder

Skill      XL: |  1  2  3  4  5  6  7 |
---------------+----------------------+-----
Shields        | 4 5 6 7 |  7.1
Staves         | 3 4 5 7 |  7.5
Fighting       | |  3.2
Armour         | |  3.2

Action                   |  1- 3 |  4- 6 |  7- 9 || total
-------------------------+-------+-------+-------++-------
Melee: Quarterstaff      |    97 |   130 |    44 ||   271
 Abil: Dig               |       |       |     2 ||     2
Evoke: Wand              |       |     2 |     4 ||     6
  Use: Scroll            |     5 |     6 |     3 ||    14
       Potion            |       |     1 |       ||     1
Armor: Scale mail        |    39 |    34 |     2 ||    75
       Plate armour      |       |       |     4 ||     4
Dodge: Dodged            |    33 |    22 |     2 ||    57
Block: Kite shield       |    28 |       |       ||    28
       Tower shield      |    44 |   100 |    30 ||   174

Table legend: (Time is in decaauts)
 A = Elapsed time spent in this place.
 B = Non-inter-level travel time spent in this place.
 C = Inter-level travel time spent in this place.
 D = Time resting spent in this place.
 E = Time spent auto-exploring this place.
 F = Levels seen in this place.
 G = Mean time per level.
                   A        B        C        D        E       F      G
               +--------+--------+--------+--------+--------+-----+--------+
         Total |   2638 |   2499 |    139 |    249 |   1502 |   4 |  659.5 |
       Dungeon |   2638 |   2499 |    139 |    249 |   1502 |   4 |  659.5 |
               +--------+--------+--------+--------+--------+-----+--------+

Top non-repeatable levels by time:
     D:1: 995 daAuts
     D:2: 787 daAuts
     D:4: 435 daAuts
     D:3: 421 daAuts
